 Dungeon Crawl Stone Soup version 0.29-a0-2-g12fcac58f8 (webtiles) character file.

Game seed: 14645545764315647445

8334 funkygono the Geomancer (level 11, 0/57 HPs)
             Began as a Gargoyle Earth Elementalist on Jan 25, 2022.
             Was a Priest of Vehumet.
             Slain by Joseph (8 damage)
             ... on level 10 of the Dungeon on Jan 26, 2022.
             The game lasted 00:19:30 (10336 turns).

funkygono the Geomancer (GrEE)                     Turns: 10336, Time: 00:19:30

Health: 0/57       AC: 19    Str: 12    XL:     11   Next: 29%
Magic:  0/24       EV: 12    Int: 20    God:    Vehumet [***...]
Gold:   396        SH:  0    Dex: 16    Spells: 19/29 levels left

rFire   . . .      SeeInvis .   j - +2 whip (flame)
rCold   + . .      Faith    .   H - orb {light}
rNeg    + . .      Spirit   .   o - +2 leather armour {rC+}
rPois   ∞          Reflect  .   i - +1 helmet
rElec   +          Harm     .   w - +2 cloak
rCorr   .          Rampage  .   (no gloves)
Will    .....                   (no boots)
Stlth   +.........              (no amulet)
HPRegen 0.19/turn               r - +6 ring of dexterity
MPRegen 0.19/turn               (no ring)

@: glowing
A: sickness immunity, AC +8, negative energy resistance 1, electricity
resistance, torment resistance 1, petrification resistance
a: Renounce Religion


You were on level 10 of the Dungeon.
You worshipped Vehumet.
Vehumet was most pleased with you.
You visited 2 branches of the dungeon, and saw 11 of its levels.

You collected 416 gold pieces.
You spent 20 gold pieces at shops.

Inventory:

Hand Weapons
 j - a +2 whip of flaming (weapon)
 l - a +2 whip of electrocution
 v - a +3 quarterstaff of chaos
 z - a +1 mace of venom
Missiles
 E - 72 stones
Armour
 b - a +0 robe
 i - a +1 helmet (worn)
 k - a +0 leather armour
 o - a +2 leather armour of cold resistance (worn)
 w - a +2 cloak (worn)
 D - a scarf of invisibility
 H - an orb of light (worn)
Magical Staves
 e - a staff of conjuration
 g - a staff of poison
 n - a staff of earth
Jewellery
 r - a +6 ring of dexterity (left hand)
Wands
 h - a wand of charming (13)
 p - a wand of flame (9)
 y - a wand of mindburst (3)
 J - a wand of polymorph (3)
Scrolls
 c - 2 scrolls of teleportation
 C - 2 scrolls of blinking
Potions
 a - 5 potions of ambrosia
 d - a potion of magic
 f - 2 potions of berserk rage
 m - 3 potions of haste
 q - 3 potions of flight
 s - a potion of brilliance
 t - 2 potions of invisibility
 u - 3 potions of mutation
 x - 2 potions of curing
 A - a potion of resistance
 B - a potion of might
 I - 2 potions of lignification


   Skills:
 + Level 2.2 Fighting
 + Level 3.5 Maces & Flails
 + Level 0.1(2.1) Staves
 * Level 7.0 Armour
 + Level 3.0 Dodging
 - Level 2.1 Stealth
 * Level 9.7 Spellcasting
 + Level 4.6 Conjurations
 + Level 0.7 Transmutations
 + Level 12.4 Earth Magic


You had 19 spell levels left.
You knew the following spells:

 Your Spells              Type           Power      Damage    Failure   Level
a - Sandblast             Erth           100%       2d20      1%          1
b - Stone Arrow           Conj/Erth      86%        3d12      1%          3
c - Magic Dart            Conj           100%       1d8       1%          1
d - Static Discharge      Conj/Air       19%        N/A       1%          2
e - Conjure Flame         Conj/Fire      19%        6-21      2%          3

Your spell library contained the following spells:

 Spells                   Type           Power      Damage    Failure   Level
 Passwall                 Tmut/Erth      30%        N/A       1%          2
 Mephitic Cloud           Conj/Pois/Air  15%        N/A       4%          3
 Petrify                  Tmut/Erth      36%        N/A       6%          4
 Animate Skeleton         Necr           18%        N/A       9%          1
 Pain                     Necr           36%        1d5       9%          1
 Call Imp                 Summ           9%         N/A       13%         2
 Vampiric Draining        Necr           9%         2d6       26%         3


Dungeon Overview and Level Annotations

Branches:
Dungeon (10/15)            Temple (1/1) D:5
   Lair: D:8-11         Orc: D:9-12

Altars:
Ashenzari
Cheibriados
Dithmenos
Elyvilon
Fedhas
Gozag
Hepliaklqana
Kikubaaqudgha
Makhleb
Nemelex Xobeh
Okawaru
Qazlal
Ru
Sif Muna
Trog
Uskayaw
Vehumet
Wu Jian
Xom
Yredelemnul
Zin
The Shining One

Shops:
D:2 ?   D:6 [

Annotations:
D:10 Joseph


Innate Abilities, Weirdness & Mutations

You are immune to sickness and miasma.
Your stone body is resilient. (AC +8)
You are immune to poison.
You resist negative energy. (rN+)
You are resistant to electric shocks. (rElec)
You are resistant to unholy torment.
You are immune to petrification.


Message History

You don't have enough magic to cast this spell.
Unknown command.
Casting: Stone Arrow (safe; 1% risk of failure)
Confirm with . or Enter, or press ? or * to list all spells.
Aiming: Sandblast (safe; 1% risk of failure)
Press: ? - help, Shift-Dir - straight line, f/p - Joseph
Aim: Joseph, wielding a +0 hunting sling, wearing a +0 leather armour and quivering sling bullets (heavily wounded, haloed, 87% to hit)
The blast of sand hits Joseph!!
Joseph is severely wounded.
Joseph shoots a sling bullet.
The sling bullet closely misses you.
Unknown command.
Casting: Sandblast (safe; 1% risk of failure)
Confirm with . or Enter, or press ? or * to list all spells.
Aiming: Sandblast (safe; 1% risk of failure)
Press: ? - help, Shift-Dir - straight line, f/p - Joseph
Aim: Joseph, wielding a +0 hunting sling, wearing a +0 leather armour and quivering sling bullets (severely wounded, haloed, 87% to hit)
The blast of sand hits Joseph but does no damage.
Joseph is severely wounded.
Joseph shoots a sling bullet.
The sling bullet hits you!
Joseph says, "I'm here to kill trespassers.
I like my job."
Joseph shoots a sling bullet.
The sling bullet hits you!
Joseph unwields a +0 hunting sling.
Joseph wields a +0 quarterstaff.
Joseph hits you with a +0 quarterstaff!
* * * LOW HITPOINT WARNING * * *
You hit Joseph but do no damage.
Joseph is severely wounded.
You hit Joseph. You burn Joseph.
Joseph is severely wounded.
Joseph hits you but does no damage.
Casting: Sandblast (safe; 1% risk of failure)
Confirm with . or Enter, or press ? or * to list all spells.
Aiming: Sandblast (safe; 1% risk of failure)
Press: ? - help, Shift-Dir - straight line, f/p - Joseph
Aim: Joseph, wielding a +0 quarterstaff, wearing a +0 leather armour and quivering sling bullets (severely wounded, haloed, 87% to hit)
The blast of sand misses Joseph.
Joseph says, "I'm here to kill trespassers.
I like my job."
Joseph hits you with a +0 quarterstaff!
* * * LOW HITPOINT WARNING * * *
You feel better. Joseph hits you with a +0 quarterstaff!
You die...

..... ....
##+#... #.....#
#.....# #.....#
#..@..#
##+########.@...#
............#+###
...........)#
..........[.#
............#
...........(#
............#
............##
.#+#####.....#


You could see Joseph.

Vanquished Creatures
  Harold (D:10)
  3 two-headed ogres
  Pikel (D:8)
  A manticore (D:8)
  Psyche (D:8)
  6 yaks (D:8)
  Grum (D:8)
  2 ice beasts
  2 orc warriors
  2 black bears
  2 ogres (D:5)
  A hornet zombie (D:5)
  3 wolves (D:8)
  A phantom (D:6)
  2 centaurs
  2 lemures (D:8)
  2 bullfrogs
  3 scorpions (D:6)
  2 water moccasin skeletons (D:4)
  18 killer bees
  5 wights (D:9)
  A howler monkey (D:3)
  3 centaur zombies
  A bullfrog zombie (D:6)
  4 jellies
  A gnoll shaman (D:8)
  4 orc priests
  Crazy Yiuf (D:4)
  3 bullfrog skeletons
  2 centaur skeletons
  Jessica (D:2)
  Natasha (thrice) (D:3)
  Terence (D:2)
  3 iguanas
  2 orc wizards
  2 killer bee zombies
  A hound skeleton (D:4)
  Robin (D:2)
  5 gnolls (D:8)
  4 adders
  A shadow imp (D:5)
  2 white imps
  An ufetubus (D:5)
  2 worms (D:2)
  2 dart slugs (D:3)
  15 orcs
  5 endoplasms
  2 giant cockroaches
  15 goblins
  8 hobgoblins
  7 kobolds
  5 quokkas
  6 ball pythons
  A bat (D:3)
  3 frilled lizards
  8 rats
187 creatures vanquished.

Notes
Turn   | Place    | Note
-------+----------+-------------------------------------------
     0 | D:1      | funkygono the Gargoyle Earth Elementalist began the quest
                  | for the Orb.
     0 | D:1      | Reached XP level 1. HP: 10/10 MP: 3/3
    68 | D:1      | Reached skill level 4 in Earth Magic
   185 | D:1      | Reached XP level 2. HP: 15/15 MP: 3/5
   220 | D:1      | You fall into a shaft and drop 1 floor!
   316 | D:2      | Reached XP level 3. HP: 18/19 MP: 0/6
   395 | D:2      | Noticed Jessica
   398 | D:2      | Killed Jessica
   399 | D:2      | Reached skill level 5 in Earth Magic
   488 | D:2      | Reached XP level 4. HP: 11/24 MP: 5/7
   615 | D:2      | Noticed Robin
   621 | D:2      | Killed Robin
   770 | D:2      | Identified the +7 short sword "Wotu" {vorpal, *Noise Str+4
                  | Int+3}
  1037 | D:1      | Learned a level 3 spell: Stone Arrow
  1809 | D:2      | Noticed Terence
  1824 | D:2      | Killed Terence
  1825 | D:2      | Reached XP level 5. HP: 10/28 MP: 0/10
  2074 | D:2      | Found Cics's Magic Scroll Boutique.
  2099 | D:2      | Bought a scroll of identify for 20 gold pieces
  2580 | D:3      | Reached skill level 6 in Earth Magic
  2645 | D:3      | Noticed Natasha
  2650 | D:3      | Killed Natasha
  2651 | D:3      | Reached skill level 1 in Armour
  2724 | D:3      | Found a snail-covered altar of Cheibriados.
  2947 | D:3      | Noticed Natasha
  2951 | D:3      | Killed Natasha
  2952 | D:3      | Reached XP level 6. HP: 32/32 MP: 8/11
  2958 | D:3      | Noticed Natasha
  2963 | D:3      | Killed Natasha
  3258 | D:4      | Reached skill level 7 in Earth Magic
  3736 | D:4      | Found a runed translucent door.
  3737 | D:4      | Noticed Crazy Yiuf
  3747 | D:4      | Killed Crazy Yiuf
  3748 | D:4      | Reached XP level 7. HP: 36/36 MP: 6/13
  3825 | D:5      | Entered Level 5 of the Dungeon
  4362 | D:5      | Found a staircase to the Ecumenical Temple.
  4377 | Temple   | Entered the Ecumenical Temple
  4407 | Temple   | Became a worshipper of Vehumet
  4554 | D:5      | Reached skill level 8 in Earth Magic
  4575 | D:5      | Reached XP level 8. HP: 41/41 MP: 9/15
  4692 | D:5      | Reached skill level 5 in Spellcasting
  4748 | D:5      | Reached skill level 9 in Earth Magic
  5583 | D:6      | Reached * piety under Vehumet
  5583 | D:6      | Offered knowledge of Magic Dart by Vehumet.
  5586 | D:6      | Learned a level 1 spell: Magic Dart
  5689 | D:6      | Found Ixipn's Armour Boutique.
  5798 | D:6      | Reached skill level 10 in Earth Magic
  5885 | D:6      | Reached XP level 9. HP: 46/46 MP: 8/18
  6639 | D:7      | Reached skill level 1 in Maces & Flails
  6639 | D:7      | Reached skill level 1 in Conjurations
  7510 | D:8      | Reached skill level 1 in Fighting
  7715 | D:8      | Reached skill level 5 in Armour
  7718 | D:8      | Reached ** piety under Vehumet
  7718 | D:8      | Offered knowledge of Static Discharge by Vehumet.
  7873 | D:8      | Noticed Grum
  7899 | D:8      | Reached skill level 11 in Earth Magic
  7927 | D:8      | Killed Grum
  7928 | D:8      | Reached XP level 10. HP: 37/53 MP: 0/21
  8301 | D:8      | Noticed Pikel
  8317 | D:8      | Killed Pikel
  8530 | D:8      | Noticed a two-headed ogre
  8544 | D:8      | Killed a two-headed ogre
  8735 | D:8      | Noticed Psyche
  8739 | D:8      | Killed Psyche
  8944 | D:8      | Noticed a manticore
  8952 | D:8      | Killed a manticore
  9146 | D:8      | Learned a level 2 spell: Static Discharge
  9146 | D:8      | Upgraded the game from 0.28-a0-1638-g9123634e07 to
                  | 0.29-a0-2-g12fcac58f8
  9228 | D:9      | Noticed a two-headed ogre
  9234 | D:9      | Killed a two-headed ogre
  9235 | D:9      | Reached skill level 12 in Earth Magic
  9235 | D:9      | Reached XP level 11. HP: 57/57 MP: 11/24
  9446 | D:9      | Offered knowledge of Conjure Flame by Vehumet.
  9873 | D:9      | Noticed a two-headed ogre
  9878 | D:9      | Killed a two-headed ogre
 10291 | D:9      | Learned a level 3 spell: Conjure Flame
 10300 | D:10     | Entered Level 10 of the Dungeon
 10310 | D:10     | Noticed Harold
 10321 | D:10     | Killed Harold
 10321 | D:10     | Reached *** piety under Vehumet
 10326 | D:10     | Noticed Joseph
 10335 | D:10     | HP: 2/57 [Joseph (9)]
 10336 | D:10     | Slain by Joseph

Illustrated notes

Levels and vault maps discovered:
D:1:      scummos_arrival_simple_fountains, layout_basic
D:2:      layout_basic, serial_shops, shop, uniq_terence, uniq_robin,
          uniq_jessica
D:3:      minmay_diamond_boxcup, layout_basic, cheibriados_altar_1, uniq_natasha
D:4:      layout_basic, uniq_crazy_yiuf_cottage
D:5:      layout_layer_cave, minmay_temple_entry_gardened_gates,
          lightli_ossuary_entry_decrepit_ruins
D:6:      layout_basic, serial_shops, nicolae_shop_advertising_works
          [nicolae_subvault_shop_adworks]
D:7:      layout_cave_pools
D:8:      layout_rooms, minmay_small_thing, uniq_grum, uniq_pikel, uniq_psyche
D:9:      layout_stronghold
D:10:     layout_gridville, small_statue_alley_a, minmay_chambers_of_fives,
          uniq_urug, uniq_harold, uniq_joseph
Temple:   compressed_dpeg_circular_temple

Skill      XL: |  1  2  3  4  5  6  7  8  9 10 11 |
---------------+----------------------------------+-----
Earth Magic    | 4 5 6 7 8 10 11 12 | 12.4
Spellcasting   | 3 4 6 7 9 |  9.7
Armour         | 1 3 5 6 7 |  7.0
Dodging        | 2 3 |  3.0
Maces & Flails | 1 2 3 |  3.5
Conjurations   | 2 4 |  4.6
Fighting       | 1 2 |  2.2
Staves         | |  0.1
Stealth        | |  2.1
Transmutations | |  0.7

Action                   |  1- 3 |  4- 6 |  7- 9 | 10-12 || total
-------------------------+-------+-------+-------+-------++-------
Melee: Unarmed           |     3 |       |       |       ||     3
       Club              |     3 |       |       |       ||     3
       Whip              |     3 |    20 |    82 |    64 ||   169
       Punch             |       |     1 |     1 |     1 ||     3
       Staff             |       |       |     2 |       ||     2
 Cast: Sandblast         |    22 |    86 |    64 |    12 ||   184
       Stone Arrow       |       |       |    61 |    61 ||   122
       Magic Dart        |       |       |     5 |    23 ||    28
  Use: Scroll            |       |     8 |     9 |     6 ||    23
       Potion            |       |       |     1 |     1 ||     2
Armor: Robe              |     8 |     7 |       |       ||    15
       Leather armour    |       |     5 |    81 |    40 ||   126
Dodge: Dodged            |     6 |    22 |    96 |    63 ||   187

Table legend: (Time is in decaauts)
 A = Elapsed time spent in this place.
 B = Non-inter-level travel time spent in this place.
 C = Inter-level travel time spent in this place.
 D = Time resting spent in this place.
 E = Time spent auto-exploring this place.
 F = Levels seen in this place.
 G = Mean time per level.
                   A        B        C        D        E       F      G
               +--------+--------+--------+--------+--------+-----+--------+
         Total |  10339 |  10131 |    208 |    421 |   8281 |  11 |  939.9 |
       Dungeon |  10252 |  10053 |    199 |    421 |   8223 |  10 | 1025.2 |
        Temple |     87 |     78 |      9 |      0 |     58 |   1 |   87.0 |
               +--------+--------+--------+--------+--------+-----+--------+

Top non-repeatable levels by time:
     D:8: 1839 daAuts
     D:2: 1661 daAuts
     D:5: 1480 daAuts
     D:9: 1112 daAuts
     D:6: 1032 daAuts
     D:7: 925 daAuts
     D:1: 882 daAuts
     D:3: 697 daAuts
     D:4: 585 daAuts
  Temple: 87 daAuts
    D:10: 35 daAuts
